 Dungeon Crawl Stone Soup version 0.20.1-1-g8b1a95d (webtiles) character file.

58017 vatarom the Destroyer (level 14, -20/106 HPs)
             Began as a Demonspawn Fire Elementalist on Oct 1, 2017.
             Was a High Priest of Sif Muna.
             Killed from afar by a fire dragon (53 damage)
             ... with a blast of flame
             ... on level 6 of the Lair of Beasts.
             The game lasted 01:18:01 (24071 turns).

vatarom the Destroyer (DsFE)                       Turns: 24071, Time: 01:18:01

Health: -20/106    AC: 12    Str:  8    XL:     14   Next: 47%
Magic:  1/29       EV: 14    Int: 31    God:    Sif Muna [*****.]
Gold:   1185       SH:  0    Dex: 21    Spells: 5/35 levels left

rFire    . . .     SeeInvis .   L - staff of conjuration
rCold    . . .     Gourm    .   (no shield)
rNeg     . . .     Faith    .   M - +1 ring mail of Amelioration {Int+6 Dex+4} (curse)
rPois    .         Spirit   .   (helmet restricted)
rElec    +         Reflect  .   h - +1 cloak
rCorr    .         Harm     .   (no gloves)
MR       +....                  d - +0 pair of boots
Stlth    +++.......             (no amulet)
Regen    0.3/turn               c - +4 ring of intelligence
MPRegen  0.3/turn               I - +4 ring of evasion

@: no casting
A: antennae 2, icy blue scales 2, agile 1, demonic guardian 1, nightstalker 1,
electricity resistance
a: Stop Divine Energy, Channel Magic, Forget Spell, Renounce Religion


You were on level 6 of the Lair of Beasts.
You worshipped Sif Muna.
Sif Muna was extremely pleased with you.
You were not hungry.

You visited 3 branches of the dungeon, and saw 18 of its levels.
You also visited: Labyrinth and Ossuary.

You collected 1185 gold pieces.

Inventory:

Hand Weapons
 H - the +3 lajatang of Pius {elec, rPois Int+4}
   (You found it on level 11 of the Dungeon)

   Occasionally, upon striking a foe, it will discharge some electrical energy
   and cause terrible harm.
   It affects your intelligence (+4).
   It protects you from poison.
Armour
 a - a +0 robe
 d - a +0 pair of boots (worn)
 h - a +1 cloak (worn)
 K - a +2 robe of cold resistance
 M - the cursed +1 ring mail of Amelioration (worn) {Int+6 Dex+4}
   (You found it on level 6 of the Lair of Beasts)

   It affects your intelligence (+6).
   It affects your dexterity (+4).
   It has a curse placed upon it.
Magical Staves
 L - an uncursed staff of conjuration (weapon)
Jewellery
 c - a +4 ring of intelligence (left hand)
 k - an uncursed ring of protection from fire
 I - a +4 ring of evasion (right hand)
Wands
 e - a wand of digging (9/24)
 o - a wand of acid (4/15)
 p - a wand of enslavement (12/24)
 r - a wand of paralysis (17/24)
 t - a wand of random effects (10/48)
 v - a wand of acid (3/15)
 C - a wand of flame (20/48)
 E - a wand of scattershot (7/9)
 F - a wand of clouds (4/9)
 G - a wand of flame (15/48)
 O - a wand of random effects (25/48)
Scrolls
 f - 5 scrolls of immolation
 i - 5 scrolls of teleportation
 l - a scroll of enchant weapon
 m - 4 scrolls of recharging
 q - 10 scrolls of remove curse
 u - 3 scrolls of fog
Potions
 b - 2 potions of haste {unknown}
 g - a potion of flight
 n - a potion of might
 s - a potion of brilliance
 w - 7 potions of curing
 x - 5 potions of ambrosia
 z - a potion of cancellation
 A - 5 potions of lignification
 B - 2 potions of agility
Books
 y - Sif Muna's Papyrus of Torrid Stolen Souls
   (Sif Muna gifted it to you on level 6 of the Lair of Beasts)

   Spells                             Type                      Level
   a - Ignite Poison                  Fire/Transmutation/Poison    3
   b - Borgnjor's Revivification      Necromancy                   8
   c - Fire Storm                     Conjuration/Fire             9
 J - a book of Power

   Spells                             Type                      Level
   a - Iskenderun's Battlesphere      Conjuration/Charms           5
   b - Venom Bolt                     Conjuration/Poison           5
   c - Bolt of Magma                  Conjuration/Fire/Earth       5
   d - Iron Shot                      Conjuration/Earth            6
   e - Orb of Destruction             Conjuration                  7
   f - Spellforged Servitor           Conjuration/Summoning        7
Comestibles
 j - 2 meat rations
 D - 4 bread rations
 N - 5 chunks of flesh


   Skills:
 + Level 8.4 Fighting
 - Level 3.3 Staves
 - Level 1.7 Dodging
 - Level 1.7 Stealth
 + Level 11.4 Spellcasting
 + Level 13.2 Conjurations
 * Level 12.8 Fire Magic
 - Level 10.3 Invocations


You had 5 spell levels left.
You knew the following spells:

 Your Spells              Type           Power        Failure   Level  Hunger
a - Flame Tongue          Conj/Fire      #####        1%          1    None
b - Throw Flame           Conj/Fire      ######       1%          2    None
c - Conjure Flame         Conj/Fire      #######.     1%          3    None
d - Sticky Flame          Conj/Fire      #######.     1%          4    None
e - Fireball              Conj/Fire      #######...   1%          5    ##.....
f - Dazzling Spray        Conj/Hex       ######       1%          3    None
g - Bolt of Magma         Conj/Fire/Erth #######...   7%          5    ##.....
h - Orb of Destruction    Conj           #######...   32%         7    ######.


Dungeon Overview and Level Annotations

Branches:
Dungeon (11/15)            Temple (1/1) D:5            Lair (6/6) D:11
 Shoals (0/4) Lair:2        Snake (0/4) Lair:4        Slime (0/5) Lair:6
    Orc (0/2) D:11

Altars:
Ashenzari
Cheibriados
Dithmenos
Elyvilon
Fedhas
Gozag
Hepliaklqana
Kikubaaqudgha
Makhleb
Nemelex Xobeh
Okawaru
Ru
Sif Muna
Trog
Uskayaw
Vehumet
Xom
Yredelemnul
Zin
The Shining One
Jiyva

Shops:
D:7 [?(!

Portals:
Trove: D:11 (give +4 demon blade)

Annotations:
Lair:3 exclusion: electric eel
Lair:6 1 runed door


Innate Abilities, Weirdness & Mutations

You have a pair of antennae on your head.
You are mostly covered in icy blue scales. (AC +3)
A weak demonic guardian rushes to your aid.
You are slightly more attuned to the shadows.
You are agile. (Dex +2)
You are resistant to electric shocks. (rElec)


Message History

Casting: Orb of Destruction
Confirm with . or Enter, or press ? or * to list all spells.
Aiming: Orb of Destruction
Press: ? - help, Shift-Dir - straight line, f/p - fire dragon
Aim: a fire dragon (magical condensation, heavily wounded, catching its breath)
You feel a surge of power!
The wavering orb of destruction weakly hits the fire dragon.
The fire dragon is almost dead.
Sif Muna grants you divine energy.
You briefly lose access to your magic!
The fire dragon bites you but does no damage.
The fire dragon claws you. The fire dragon closely misses you.
The fire dragon breathes flames at you. The blast of flame hits you!
Found 16 gold pieces.
Okay, then.
The fire dragon breathes flames at you. The blast of flame hits you!
Ouch! That really hurt!
You die...

♣♣♣♣♣♣....≈.........
♣♣♣♣.♣.♣≈....≈.........
♣♣.P....%≈.≈.≈≈.##..##..
**♣...♣♣≈≈≈≈♣≈≈PP..##..##.
*♣..♣..♣≈.≈.♣♣♣♣♣..........
*♣....P.≈...≈P♣♣♣♣#.........
♣..§≈≈≈.≈♣...%...♣#...#...P.
*♣.P≈≈≈5P≈♣.♣♣♣..♣♣###.#....P
***.P≈..♣♣.≈≈.@..♣.♣ #.:......
*,,.§≈..*♣♣.≈≈§..♣♣♣♣ #........
**,≈≈≈♣♣♣,*♣♣.≈≈D≈...♣ #P.....#.
*≈≈≈,**,,,,,♣♣.≈..§..♣♣#P.P.....
*≈≈≈***,,,,,♣§§§(.≈.≈.♣##....P#.
*≈≈≈*,,,,,,$.§§§...≈≈≈♣#....P...
*,,≈≈≈,,,≈≈..§§§.(.≈≈≈♣##.#.P#..
**,,≈≈≈≈≈≈≈≈≈≈≈≈...≈≈≈♣#.#.#####
**,,≈≈≈≈≈≈≈≈≈≈≈≈≈≈≈P.♣##### #


You could see a fire dragon and a friendly white imp.

Vanquished Creatures
  Rupert (Lair:3)
  A minotaur (Lab)
  Harold (D:11)
  4 hydras
  A catoblepas (Lair:6)
  2 two-headed ogres (D:11)
  12 death yaks
  Nergalle (D:10)
  A swamp dragon (Lair:6)
  2 unseen horrors
  Pikel (D:5)
  6 lindwurms
  A cyclops (D:11)
  15 elephants
  6 black mambas
  4 torpor snails (Lair:6)
  Psyche (D:10)
  2 gargoyles (D:10)
  9 spiny frogs
  2 rime drakes
  12 komodo dragons
  2 trolls (D:10)
  2 minotaur zombies (Lab)
  2 tyrant leeches (Lair:6)
  A polar bear (Lair:3)
  6 hornets (Lair:6)
  13 dream sheep (Lair:5)
  3 blink frogs (Lair:6)
  8 hippogriffs
  Sigmund (D:3)
  17 yaks
  A wraith (D:11)
  2 steam dragons
  4 basilisks
  3 hungry ghosts
  The ghost of vatarom the Firebug, an amateur DsFE (D:3)
  Menkaure (D:6)
  An acid dragon (Lair:6)
  Duvessa (D:6)
  A soldier ant (D:9)
  14 water moccasins
  5 porcupines
  2 ice beasts
  3 swamp drakes (Lair:6)
  3 orc warriors
  A black bear (D:7)
  A necrophage (D:10)
  A sky beast (D:5)
  3 ogres
  A phantom (D:8)
  12 wolves
  5 centaurs
  11 crocodiles
  A big kobold (D:10)
  5 bullfrogs
  3 gnoll sergeants
  Dowan (D:6)
  6 scorpions
  A water moccasin skeleton (D:11)
  9 killer bees (D:9)
  5 wights (D:11)
  4 electric eels (Lair:3)
  2 crimson imps
  A centaur zombie (D:9)
  2 human zombies (Ossuary)
  2 jellies
  Crazy Yiuf (D:2)
  2 orc priests
  A bullfrog skeleton (D:7)
  4 hounds
  3 orc wizards
  3 centaur skeletons
  2 iguanas
  Natasha (thrice) (D:3)
  4 worker ants
  2 big kobold zombies (Ossuary)
  A hound zombie (D:7)
  5 mummies (Ossuary)
  A howler monkey skeleton (D:10)
  12 adders
  13 gnolls
  3 shadow imps
  An adder zombie (D:4)
  A worm (D:2)
  2 dart slugs
  3 leopard geckos
  17 orcs
  A ball python (D:4)
  8 giant cockroaches
  7 goblins
  6 hobgoblins
  8 jackals
  3 kobolds
  4 quokkas
  3 bats
  2 frilled lizards
  2 hobgoblin zombies (Ossuary)
  A jackal zombie (D:7)
  2 leopard gecko skeletons
  2 orc zombies (Ossuary)
  A quokka skeleton (D:5)
  5 rats
  2 fungi
  3 plants
403 creatures vanquished.

Vanquished Creatures (collateral kills)
  A death yak (Lair:6)
  A centaur zombie (D:11)
  2 elephants (Lair:6)
  2 black mambas (Lair:1)
  A spiny frog (Lair:1)
  A rime drake (Lair:6)
  A water moccasin (Lair:2)
  A phantom (D:6)
  2 wolves (Lair:1)
  A crocodile (Lair:5)
  A killer bee (D:9)
  An iguana (D:10)
  An ooze (D:4)
16 creatures vanquished.

Vanquished Creatures (others)
  A slave (D:5)
  Blork the orc (D:5)
  A quokka (D:6)
  9 fungi
  35 plants
47 creatures vanquished.

Grand Total: 466 creatures vanquished

Notes
Turn   | Place    | Note
-------+----------+-------------------------------------------
     0 | D:1      | vatarom the Demonspawn Fire Elementalist began the quest for the Orb.
     0 | D:1      | Reached XP level 1. HP: 13/13 MP: 3/3
   174 | D:1      | Gained mutation: You are slightly more attuned to the shadows. [demonic ancestry]
   174 | D:1      | Reached XP level 2. HP: 20/20 MP: 3/5
   334 | D:1      | Reached skill level 1 in Fighting
   613 | D:1      | Learned a level 2 spell: Throw Flame
   700 | D:2      | Found a hide-covered altar of Uskayaw.
   701 | D:2      | Found a shadowy altar of Dithmenos.
   724 | D:2      | Reached XP level 3. HP: 24/26 MP: 1/6
   782 | D:2      | Found a blossoming altar of Fedhas.
   806 | D:2      | Found a runed door.
   813 | D:2      | Learned a level 3 spell: Conjure Flame
   814 | D:2      | Noticed Crazy Yiuf
   833 | D:2      | Killed Crazy Yiuf
   833 | D:2      | Reached skill level 2 in Conjurations
  1108 | D:2      | Gained mutation: You are partially covered in icy blue scales. (AC +2) [demonic ancestry]
  1108 | D:2      | Reached XP level 4. HP: 32/32 MP: 5/7
  1227 | D:2      | Found a shattered altar of Ashenzari.
  1435 | D:3      | Found a hazy altar of Hepliaklqana.
  1472 | D:3      | Noticed Natasha
  1477 | D:3      | Killed Natasha
  1556 | D:3      | Noticed Natasha
  1561 | D:3      | Killed Natasha
  1561 | D:3      | Gained mutation: A weak demonic guardian rushes to your aid. [demonic ancestry]
  1561 | D:3      | Reached XP level 5. HP: 34/38 MP: 4/9
  1563 | D:3      | Noticed Natasha
  1567 | D:3      | Killed Natasha
  1614 | D:3      | Noticed Sigmund
  1677 | D:3      | Killed Sigmund
  1677 | D:3      | Reached skill level 3 in Conjurations
  1677 | D:3      | Reached XP level 6. HP: 31/46 MP: 10/10
  1900 | D:3      | Noticed vatarom's ghost (amateur DsFE)
  2022 | D:3      | Killed vatarom's ghost
  2212 | D:4      | Learned a level 4 spell: Sticky Flame
  2302 | D:4      | Reached XP level 7. HP: 52/52 MP: 9/12
  2406 | D:4      | Reached skill level 5 in Fire Magic
  2614 | D:4      | Found a deep blue altar of Sif Muna.
  2622 | D:4      | Became a worshipper of Sif Muna the Loreminder
  2963 | D:5      | Entered Level 5 of the Dungeon
  2972 | D:5      | Noticed Pikel
  2984 | D:5      | Killed Pikel
  2984 | D:5      | Reached skill level 4 in Conjurations
  2984 | D:5      | Gained mutation: You have a pair of small antennae on your head. [demonic ancestry]
  2984 | D:5      | Reached XP level 8. HP: 32/60 MP: 1/14
  2991 | D:5      | Learned a level 5 spell: Fireball
  3091 | D:5      | Found a staircase to the Ecumenical Temple.
  3118 | Temple   | Entered the Ecumenical Temple
  3225 | D:5      | Found a glowing golden altar of the Shining One.
  3234 | D:5      | Killed Blork the orc
  3544 | D:5      | Reached * piety under Sif Muna
  3582 | D:5      | Identified a scroll of acquirement
  3583 | D:5      | Identified Sutely's Tome of Enhancements and Malediction (You acquired it on level 5 of the Dungeon)
  3636 | D:5      | Found an iron altar of Okawaru.
  3661 | D:5      | Found a shadowy altar of Dithmenos.
  3663 | D:5      | Found an ancient bone altar of Kikubaaqudgha.
  3663 | D:5      | Found a white marble altar of Elyvilon.
  3666 | D:5      | Found a snail-covered altar of Cheibriados.
  3666 | D:5      | Found a basalt altar of Yredelemnul.
  3666 | D:5      | Found a shimmering altar of Xom.
  4181 | D:6      | Noticed Dowan
  4184 | D:6      | Noticed Duvessa
  4194 | D:6      | Killed Duvessa
  4194 | D:6      | Reached skill level 5 in Spellcasting
  4194 | D:6      | Reached skill level 5 in Conjurations
  4197 | D:6      | Killed Dowan
  4233 | D:6      | Found an opulent altar of Gozag.
  4236 | D:6      | Noticed Menkaure
  4243 | D:6      | Killed Menkaure
  4520 | D:6      | Found a sand-covered staircase.
  4621 | Ossuary  | Entered an ossuary
  4925 | Ossuary  | Reached XP level 9. HP: 61/67 MP: 11/17
  5046 | Ossuary  | Reached skill level 5 in Fighting
  5191 | D:6      | Learned a level 3 spell: Dazzling Spray
  5305 | D:6      | Found a white marble altar of Elyvilon.
  5369 | D:6      | Reached ** piety under Sif Muna
  6097 | D:7      | Gained mutation: You have a pair of antennae on your head. [potion of mutation]
  6097 | D:7      | Gained mutation: You are resistant to electric shocks. (rElec) [potion of mutation]
  6097 | D:7      | Gained mutation: You evolve. [potion of mutation]
  6558 | D:7      | Found a sparkling altar of Nemelex Xobeh.
  6642 | D:7      | Found Zegutz's Magic Scroll Boutique.
  6758 | D:7      | Found a sacrificial altar of Ru.
  6807 | D:7      | Found Yriunudd's Distillery.
  6893 | D:7      | Found Jinicugg's Armour Emporium.
  7059 | D:7      | Reached skill level 6 in Conjurations
  7135 | D:7      | Found Iwopseq's Antique Weapon Boutique.
  8254 | D:9      | Reached *** piety under Sif Muna
  8256 | D:9      | Reached XP level 10. HP: 76/76 MP: 0/19
  8262 | D:9      | Reached skill level 1 in Invocations
  9489 | D:10     | Entered Level 10 of the Dungeon
  9564 | D:10     | Noticed Psyche
  9568 | D:10     | Killed Psyche
  9568 | D:10     | Reached skill level 7 in Conjurations
  9605 | D:10     | Noticed a gargoyle
 10092 | D:10     | Gained mutation: You are agile. (Dex +2) [evolution]
 10092 | D:10     | Lost mutation: You evolve. [end of evolution]
 10106 | D:10     | Noticed Nergalle
 10115 | D:10     | Killed Nergalle
 10121 | D:10     | Reached skill level 5 in Invocations
 10253 | D:10     | Killed an unseen horror
 10561 | D:10     | Noticed a gargoyle
 10566 | D:10     | Killed a gargoyle
 10856 | D:10     | Mutation became permanent: You have a pair of small antennae on your head. [demonic ancestry]
 10856 | D:10     | Gained mutation: You have a pair of antennae on your head. [demonic ancestry]
 10856 | D:10     | Reached XP level 11. HP: 60/84 MP: 10/21
 11102 | D:11     | Reached **** piety under Sif Muna
 11191 | D:11     | Noticed an unseen horror
 11198 | D:11     | Killed an unseen horror
 11198 | D:11     | Reached skill level 10 in Fire Magic
 11325 | D:11     | Found a staircase to the Orcish Mines.
 11333 | D:11     | Got an iridescent lajatang
 11334 | D:11     | Identified the cursed +3 lajatang of Pius {elec, rPois Int+4} (You found it on level 11 of the Dungeon)
 11363 | D:11     | Found a staircase to the Lair.
 11426 | D:11     | Found a portal to a secret trove of treasure.
 11479 | D:11     | Noticed a seven-headed hydra
 11520 | D:11     | Noticed a two-headed ogre
 11530 | D:11     | Killed a two-headed ogre
 11691 | D:11     | Noticed Harold
 11716 | D:11     | Killed Harold
 11716 | D:11     | Reached skill level 8 in Conjurations
 11980 | D:11     | Noticed a two-headed ogre
 11986 | D:11     | Killed a two-headed ogre
 12069 | Lair:1   | Entered Level 1 of the Lair of Beasts
 13100 | Lair:2   | Reached ***** piety under Sif Muna
 13264 | Lair:2   | Received a gift from Sif Muna
 13275 | Lair:2   | Reached XP level 12. HP: 46/93 MP: 10/23
 13415 | Lair:2   | Learned a level 5 spell: Bolt of Magma
 14260 | Lair:2   | Found a staircase to the Shoals.
 14762 | Lair:3   | Reached skill level 10 in Invocations
 14895 | Lair:3   | Noticed Rupert
 14915 | Lair:3   | Killed Rupert
 14915 | Lair:3   | Reached skill level 9 in Conjurations
 15283 | Lair:3   | Reached skill level 1 in Staves
 15775 | Lair:4   | Noticed a seven-headed hydra
 15788 | Lair:4   | Killed a seven-headed hydra
 16397 | Lair:4   | Noticed a death yak
 16401 | Lair:4   | Noticed a death yak
 16401 | Lair:4   | Noticed a death yak
 16646 | Lair:3   | Killed a death yak
 16646 | Lair:3   | Identified Sif Muna's Grimoire of Supportive Confrontation (Sif Muna gifted it to you on level 3 of the Lair of Beasts)
 16646 | Lair:3   | Received a gift from Sif Muna
 16995 | Lair:4   | Found a staircase to the Snake Pit.
 17037 | Lair:4   | Killed a death yak
 17037 | Lair:4   | Reached skill level 10 in Conjurations
 17037 | Lair:4   | Gained mutation: You are mostly covered in icy blue scales. (AC +3) [demonic ancestry]
 17037 | Lair:4   | Reached XP level 13. HP: 81/99 MP: 5/26
 17322 | Lair:4   | Learned a level 7 spell: Orb of Destruction
 17806 | Lair:5   | Found a labyrinth entrance.
 17855 | Lab      | Entered a labyrinth
 17937 | Lab      | Noticed a minotaur
 17942 | Lab      | Killed a minotaur
 18040 | Lab      | Got an ancient mace
 18238 | Lab      | Identified the +8 mace "Jellyslayer" {drain, rN+} (You found it in a labyrinth)
 19725 | Lair:6   | Entered Level 6 of the Lair of Beasts
 19830 | Lair:6   | Got a crude ring mail
 19849 | Lair:6   | Identified the cursed +1 ring mail of Amelioration {Int+6 Dex+4} (You found it on level 6 of the Lair of Beasts)
 19853 | Lair:6   | Found a runed door.
 19946 | Lair:6   | Reached skill level 11 in Conjurations
 19960 | Lair:6   | Reached skill level 10 in Spellcasting
 19978 | Lair:6   | Paralysed by a hornet for 1 turns
 19978 | Lair:6   | HP: 2/99 [hornet (7)]
 21609 | Lair:6   | Identified Sif Muna's Guide on Damaging Feathers (Sif Muna gifted it to you on level 6 of the Lair of Beasts)
 21609 | Lair:6   | Received a gift from Sif Muna
 21666 | Lair:6   | Reached skill level 12 in Conjurations
 22188 | Lair:6   | Reached XP level 14. HP: 106/106 MP: 17/28
 23085 | Lair:6   | Reached skill level 13 in Conjurations
 23513 | Lair:6   | Found a viscous altar of Jiyva.
 23513 | Lair:6   | Found a staircase to the Slime Pits.
 23668 | Lair:6   | Received a gift from Sif Muna
 23669 | Lair:6   | Identified Sif Muna's Papyrus of Torrid Stolen Souls (Sif Muna gifted it to you on level 6 of the Lair of Beasts)
 24071 | Lair:6   | Killed from afar by a fire dragon

Skill      XL: |  1  2  3  4  5  6  7  8  9 10 11 12 13 14 |
---------------+-------------------------------------------+-----
Fighting       | 1 2 3 4 6 7 8 |  8.4
Fire Magic     | 3 4 5 7 8 9 10 11 12 | 12.8
Conjurations   | 2 3 4 5 6 7 8 10 12 13 | 13.2
Spellcasting   | 3 4 5 6 7 9 10 11 | 11.4
Invocations    | 5 9 10 | 10.3
Staves         | 3 |  3.3
Dodging        | |  1.7
Stealth        | |  1.7

Action                   |  1- 3 |  4- 6 |  7- 9 | 10-12 | 13-15 || total
-------------------------+-------+-------+-------+-------+-------++-------
Melee: Unarmed           |    11 |       |       |       |       ||    11
       Dagger            |    19 |       |       |       |       ||    19
       Quarterstaff      |     2 |    39 |   157 |    57 |       ||   255
       Lajatang          |       |       |       |   102 |    12 ||   114
       Staff             |       |       |       |       |    34 ||    34
 Cast: Flame Tongue      |    27 |    34 |   145 |   161 |    80 ||   447
       Throw Flame       |     1 |     1 |    10 |     9 |     3 ||    24
       Conjure Flame     |     1 |       |     4 |     7 |     4 ||    16
       Sticky Flame      |       |       |    21 |    67 |    43 ||   131
       Fireball          |       |       |     8 |    66 |    53 ||   127
       Dazzling Spray    |       |       |     2 |     1 |     1 ||     4
       Bolt of Magma     |       |       |       |     7 |    62 ||    69
       Orb of Destructio |       |       |       |       |     9 ||     9
Invok: Divine Energy     |       |       |     1 |       |       ||     1
       Channel Magic     |       |       |       |     6 |     5 ||    11
  Use: Scroll            |     4 |     3 |    11 |     7 |     9 ||    34
       Potion            |     2 |     2 |     7 |     7 |     4 ||    22
 Stab: Sleeping          |     3 |     2 |     4 |     1 |       ||    10
       Distracted        |       |     1 |       |     1 |       ||     2
  Eat: Chunk             |     1 |     3 |     2 |    12 |     8 ||    26
       Bread ration      |       |     1 |     3 |     2 |     5 ||    11
       Royal jelly       |       |       |     2 |     2 |     2 ||     6
       Meat ration       |       |       |     1 |     3 |     1 ||     5
       Fruit             |       |       |       |     6 |     1 ||     7
Armor: Robe              |    11 |     8 |    59 |    49 |     9 ||   136
       Skin              |       |     8 |       |     6 |       ||    14
       Ring mail         |       |       |       |       |    43 ||    43
Dodge: Dodged            |    21 |    17 |   135 |   197 |    91 ||   461
